 Dungeon Crawl Stone Soup version 0.20.1-1-g8b1a95d (webtiles) character file.

803 vatarom the Insei (level 7, -1/46 HPs)
             Began as an Octopode Transmuter on Oct 13, 2017.
             Slain by a phantom (6 damage)
             ... on level 4 of the Dungeon.
             The game lasted 00:11:02 (4135 turns).

vatarom the Insei (Octopode Transmuter)             Turns: 4135, Time: 00:11:03

Health: -1/46      AC:  2    Str: 11    XL:     7   Next: 91%
Magic:  10/12      EV: 21    Int: 15    God:
Gold:   340        SH:  0    Dex: 18    Spells: 3/13 levels left

rFire    . . .     SeeInvis .     - Unarmed
rCold    + . .     Gourm    .   (shield currently unavailable)
rNeg     . . .     Faith    .   (helmet currently unavailable)
rPois    .         Spirit   .   (no amulet)
rElec    .         Reflect  .   e - ring of poison resistance
rCorr    .         Harm     .   j - ring of protection from cold
MR       .....                  l - ring of wizardry
Stlth    ++........             (no ring)
Regen    0.2/turn               (no ring)
MPRegen  0.2/turn               (no ring)
                                (no ring)
                                (no ring)

@: spider-form (expiring), drained
A: almost no armour, stealthy swim, (amphibious), 8 rings, (constrict 8)
a: End Transformation


You were on level 4 of the Dungeon.
You were not hungry.
You were a venomous arachnid creature.
You visited 1 branch of the dungeon, and saw 4 of its levels.

You collected 340 gold pieces.

Inventory:

Hand Weapons
 g - a +0 blowgun
Missiles
 a - 23 arrows
 p - 40 poisoned needles
Jewellery
 e - a ring of poison resistance (left front leg)
 j - a ring of protection from cold (right front leg)
 l - a ring of wizardry (on tentacle)
Wands
 o - a wand of lightning (1/15)
 t - a wand of iceblast (5/15)
Scrolls
 f - 2 scrolls of remove curse
 i - 3 scrolls of identify
 q - 2 scrolls of fog
Potions
 h - 3 potions of brilliance
Books
 b - a book of Changes

   Spells                             Type                      Level
   a - Beastly Appendage              Transmutation                1
   b - Sticks to Snakes               Transmutation                2
   c - Spider Form                    Transmutation/Poison         3
   d - Ice Form                       Ice/Transmutation            4
   e - Blade Hands                    Transmutation                5
Comestibles
 c - a bread ration
 d - a royal jelly
 m - 11 fruits


   Skills:
 + Level 3.3(2.9) Fighting
 + Level 3.7(3.3) Dodging
 * Level 5.9(5.5) Unarmed Combat
 + Level 3.9(3.4) Spellcasting
 + Level 3.6(3.2) Transmutations


You had 3 spell levels left.
You knew the following spells:

 Your Spells              Type           Power        Failure   Level  Hunger
a - Beastly Appendage     Tmut           ##....       6%          1    None
b - Sticks to Snakes      Tmut           ##......     9%          2    ##.....
c - Spider Form           Tmut/Pois      #.........   24%         3    ###....
d - Ice Form              Ice/Tmut       #.......     52%         4    ####...


Dungeon Overview and Level Annotations

Branches:
Dungeon (4/15)
 Temple: D:4-7

Altars:
Qazlal


Innate Abilities, Weirdness & Mutations

You cannot wear most types of armour.
You are very stealthy in the water. (Stealth+)
((You are amphibious.))
You can wear up to eight rings at the same time.
((You can use your tentacles to constrict eight enemies at once.))
((Your skin changes colour to match your surroundings (Stealth+).))
((Your rubbery body absorbs attacks. (AC +1, EV +1)))


Message History

Casting: Sticks to Snakes
Confirm with . or Enter, or press ? or * to list all spells.
You turn into a venomous arachnid creature.
The phantom hits you.
The phantom blinks!
Unknown command.
You are too injured to fight recklessly!
You are too injured to fight recklessly!
The phantom closely misses you. The phantom hits you!
* * * LOW HITPOINT WARNING * * *
You hit the phantom but do no damage.
The phantom is moderately damaged.
The phantom hits you!
* * * LOW HITPOINT WARNING * * *
Okay, then.
Okay, then.
Your transformation is almost over.
The phantom blinks!
The phantom hits you.
You die...

######.# #.# #################
#.# #...............# ### #.#
#.###..########.# ..####'##
#.#...<....#..#.# ........#
#.#.#...##.#.##.####### ........#
#.#.##..#.W...#........ ........#
#.#.....#.....#)######.
#......####.###.s.#..#...........
#####........##..W#.##........≈..
#####.#########...........≈≈≈....
.[..#.##......#.##..##....≈≈#≈≈##
....#.##..................≈#§≈≈≈≈
....#.##......#.#..####...≈#≈>.§#
...[...#...)...............≈≈_.≈≈
.......#...[)...#..####....#§§§§#
.......#..>...###........§§##§#


You could see a phantom.

Vanquished Creatures
  Edmund (D:4)
  2 big kobolds (D:3)
  2 scorpions (D:4)
  An orc priest (D:3)
  2 orc wizards (D:4)
  A worker ant (D:4)
  A hound skeleton (D:3)
  4 gnolls
  7 adders
  An ooze (D:2)
  An adder skeleton (D:4)
  4 worms
  3 dart slugs
  3 leopard geckos
  12 orcs
  A ball python (D:3)
  4 giant cockroaches
  4 hobgoblins
  6 jackals
  48 kobolds
  3 quokkas (D:3)
  7 bats
  7 frilled lizards
  8 goblins
  9 rats
142 creatures vanquished.

Vanquished Creatures (collateral kills)
  A big kobold (D:3)
  A leopard gecko (D:4)
  An orc (D:4)
  A hobgoblin (D:3)
  3 jackals (D:4)
  A kobold (D:3)
8 creatures vanquished.

Grand Total: 150 creatures vanquished

Notes
Turn   | Place    | Note
-------+----------+-------------------------------------------
     0 | D:1      | vatarom the Octopode Transmuter began the quest for the Orb.
     0 | D:1      | Reached XP level 1. HP: 13/13 MP: 3/3
   102 | D:1      | Reached XP level 2. HP: 15/18 MP: 5/5
   257 | D:1      | Learned a level 2 spell: Sticks to Snakes
   794 | D:1      | Reached XP level 3. HP: 20/23 MP: 4/6
   904 | D:1      | Learned a level 3 spell: Spider Form
  1084 | D:2      | Reached XP level 4. HP: 25/28 MP: 3/7
  1176 | D:2      | Reached skill level 4 in Unarmed Combat
  1831 | D:3      | Reached XP level 5. HP: 34/34 MP: 6/9
  2025 | D:3      | Learned a level 4 spell: Ice Form
  3057 | D:3      | Noticed a big kobold
  3059 | D:3      | Noticed a big kobold
  3064 | D:3      | Reached XP level 6. HP: 28/41 MP: 4/10
  3085 | D:3      | Reached skill level 5 in Unarmed Combat
  3217 | D:3      | Reached XP level 7. HP: 42/45 MP: 12/12
  3611 | D:4      | Found a stormy altar of Qazlal.
  3653 | D:4      | Noticed Edmund
  3744 | D:4      | Killed Edmund
  4135 | D:4      | Slain by a phantom

Skill      XL: |  1  2  3  4  5  6  7 |
---------------+----------------------+-----
Unarmed Combat | 4 5 |  5.9
Fighting       | 2 3 |  3.3
Spellcasting   | 3 |  3.9
Transmutations | 3 |  3.6
Dodging        | 3 |  3.7

Action                   |  1- 3 |  4- 6 |  7- 9 || total
-------------------------+-------+-------+-------++-------
Melee: Unarmed           |    66 |   178 |   124 ||   368
       Constrict         |    14 |    34 |    27 ||    75
       Kick              |     7 |       |       ||     7
       Tentacles         |     5 |    20 |    15 ||    40
       Punch             |     2 |     1 |     6 ||     9
 Cast: Beastly Appendage |    11 |       |       ||    11
       Sticks to Snakes  |     2 |     2 |     9 ||    13
       Spider Form       |     2 |     4 |     2 ||     8
Evoke: Wand              |       |       |     2 ||     2
  Use: Scroll            |     6 |     1 |     1 ||     8
       Potion            |       |     5 |     3 ||     8
 Stab: Sleeping          |     7 |     6 |     1 ||    14
  Eat: Chunk             |     1 |     4 |       ||     5
       Bread ration      |       |     2 |       ||     2
Armor: Skin              |     7 |    20 |    53 ||    80
Dodge: Dodged            |    31 |   143 |    80 ||   254
